 Dungeon Crawl Stone Soup version 0.29-a0-350-g7790a0e70a (webtiles) character file.

Game seed: 11877837836785804188

212 zeratav the Archer (level 5, 0/29 HPs)
             Began as a Deep Elf Hunter on Apr 22, 2022.
             Killed by nerve-wracking pain
             ... invoked by Grinder
              (7 damage)
             ... on level 4 of the Dungeon.
             The game lasted 00:04:33 (2877 turns).

zeratav the Archer (Deep Elf Hunter)                Turns: 2877, Time: 00:04:33

Health: 0/29       AC:  7    Str:  8    XL:     5   Next: 58%
Magic:  7/7        EV: 12    Int: 14    God:
Gold:   191        SH:  0    Dex: 20    Spells: 4/4 levels left

rFire   . . .      SeeInvis .   a - +1 shortbow {bow}
rCold   . . .      Faith    .   (shield currently unavailable)
rNeg    . . .      Spirit   .   b - +0 leather armour
rPois   .          Reflect  .   y - +0 helmet
rElec   .          Harm     .   (no cloak)
rCorr   .          Rampage  .   (no gloves)
Will    .....                   G - +2 pair of boots
Stlth   ++........              (no amulet)
HPRegen 0.09/turn               (no ring)
MPRegen 0.10/turn               (no ring)

@: no status effects
A: no striking features
a: no special abilities


You were on level 4 of the Dungeon.
You visited 1 branch of the dungeon, and saw 4 of its levels.

You collected 191 gold pieces.


   Skills:
 - Level 1.5 Fighting
 + Level 9.1 Bows
 - Level 2.4 Dodging
 - Level 1.2 Stealth


You had 4 spell levels left.
You didn't know any spells.
Your spell library contained the following spells:

 Spells                   Type           Power      Damage    Failure   Level
 Sublimation of Blood     Necr           0%         N/A       54%         2
 Wereblood                Tmut           0%         N/A       54%         2
 Summon Hydra             Summ           0%         N/A       100%        7

Inventory:

Hand Weapons
 a - a +1 shortbow (weapon) {bow}
Armour
 b - a +0 leather armour (worn)
 m - a +0 scale mail
   (You found it on level 1 of the Dungeon)
 t - a +0 robe
   (You found it on level 1 of the Dungeon)
 w - a +0 ring mail
   (You found it on level 2 of the Dungeon)
 x - a +0 animal skin
   (You took it off Robin on level 2 of the Dungeon)
 y - a +0 helmet (worn)
   (You took it off Robin on level 2 of the Dungeon)
 z - a +0 leather armour
   (You found it on level 2 of the Dungeon)
 B - a +0 hat
   (You found it on level 2 of the Dungeon)
 D - a scarf of harm
   (You found it on level 2 of the Dungeon)
 E - a +0 robe
   (You found it on level 2 of the Dungeon)
 F - a +0 scale mail
   (You found it on level 3 of the Dungeon)
 G - a +2 pair of boots (worn)
   (You found it on level 3 of the Dungeon)
 I - a +0 robe
   (You took it off an orc wizard on level 3 of the Dungeon)
 J - a +0 leather armour
   (You took it off an orc on level 3 of the Dungeon)
 K - a +0 scale mail
   (You took it off an orc on level 3 of the Dungeon)
 L - a +0 robe
   (You found it on level 3 of the Dungeon)
 N - a +2 pair of boots
   (You found it on level 4 of the Dungeon)
Jewellery
 H - an amulet of magic regeneration {@e2}
   (You found it on level 3 of the Dungeon)
Scrolls
 c - a scroll of immolation {!r!r}
 g - 3 scrolls of enchant weapon {unknown}
 h - a scroll of noise {unknown}
 j - 4 scrolls of identify {unknown}
 l - a scroll of summoning {unknown}
 n - 2 scrolls of enchant armour {unknown}
 o - a scroll of holy word {unknown}
 p - 2 scrolls of teleportation {unknown}
 q - 2 scrolls of fog {unknown}
 r - 3 scrolls of blinking {unknown}
 s - a scroll of magic mapping {unknown}
 u - 2 scrolls of amnesia {unknown}
 v - a scroll of fear {unknown}
 A - a scroll of acquirement {unknown}
 C - a scroll of silence {unknown}
Potions
 d - a potion of degeneration {unknown}
 e - 3 potions of might {unknown}
 f - a potion of cancellation {unknown}
 i - 2 potions of curing {@q1}
 k - a potion of haste {unknown}
 M - a potion of lignification {unknown}

Dungeon Overview and Level Annotations

Branches:
Dungeon (4/15)
 Temple: D:4-7

Altars:
Gozag

Annotations:
D:4 Dordric's ghost, amateur DsBe; Grinder

.. ........ ..#.
#....## .5 ..#
.....# .. ..# #..#
#. #.# ##..# . ##.
#.# ##...# ... ..
#.###...##
#..##.##(.......#
#...)#.##.o.@5.#
#.†...##........#
.
###.#.#..........#
...
###.##...##.....#
#....####.......#
#....#
#......<....##....
...##
#.................
..##
..................
#
.#....#########...


You could see Grinder and an orc priest.


Message History

You shoot an arrow. The arrow hits Grinder!
Grinder barely misses you.
Shoot: a) +1 shortbow {bow}
Press: ? - help, Q - select action Shift-Dir - straight line, f/p - Grinder
Aim: Grinder (lightly wounded, 64% to hit)
You shoot an arrow. The arrow closely misses Grinder.
Grinder blinks!
Shoot: a) +1 shortbow {bow}
Press: ? - help, Q - select action Shift-Dir - straight line, f/p - Grinder
Aim: Grinder (lightly wounded, 64% to hit)
You shoot an arrow. The arrow hits Grinder.
Shoot: a) +1 shortbow {bow}
Press: ? - help, Q - select action Shift-Dir - straight line, f/p - Grinder
Aim: Grinder (moderately wounded, 64% to hit)
You shoot an arrow. The arrow closely misses Grinder.
Grinder gestures at you. Pain shoots through your body!
* * * LOW HITPOINT WARNING * * *
HP[-11]
You take 11 damage, and now have 14/29 hp.
MASSIVE DAMAGE!! (PAUSE) Shoot: a) +1 shortbow {bow}
Press: ? - help, Q - select action Shift-Dir - straight line, f/p - Grinder
Aim: Grinder (moderately wounded, 64% to hit)
You shoot an arrow. The arrow barely misses Grinder.
Shoot: a) +1 shortbow {bow}
Press: ? - help, Q - select action Shift-Dir - straight line, f/p - Grinder
Aim: Grinder (lightly wounded, 64% to hit)
You shoot an arrow. The arrow hits Grinder.
Grinder grins, showing sharp teeth.
Grinder blinks!
You climb upwards.
There is a stone staircase leading down here.
You start resting.
HP[+15]
Your hp is fully restored (29).
You climb downwards.
Level annotation: Dordric's ghost, amateur DsBe; Grinder Grinder gestures at you.
You suddenly lose the ability to move!
Grinder says, "Wait up."
Grinder completely misses you.
You can move again.
There is a stone staircase leading up here.
Shoot: a) +1 shortbow {bow}
Press: ? - help, Q - select action Shift-Dir - straight line, f - Grinder
Aim: Grinder (64% to hit)
You shoot an arrow. The arrow closely misses Grinder.
Grinder hits you!
You writhe in agony.
HP[-11]
You take 11 damage, and now have 18/29 hp.
MASSIVE DAMAGE!! (PAUSE) Shoot: a) +1 shortbow {bow}
Press: ? - help, Q - select action Shift-Dir - straight line, f/p - Grinder
Aim: Grinder (64% to hit)
You shoot an arrow.
The arrow hits Grinder but does no damage.
Grinder blinks!
An orc priest comes into view. It is wielding a +0 trident.
HP[+1] Shoot: a) +1 shortbow {bow}
Press: ? - help, Q - select action Shift-Dir - straight line, f/p - Grinder
Aim: Grinder (64% to hit)
You shoot an arrow. The arrow hits Grinder!
Grinder hits you.
You writhe in agony.
* * * LOW HITPOINT WARNING * * *
HP[-5]
You take 5 damage, and now have 14/29 hp.
Shoot: a) +1 shortbow {bow}
Press: ? - help, Q - select action Shift-Dir - straight line, f/p - Grinder
Aim: Grinder (moderately wounded, 64% to hit)
You shoot an arrow. The arrow hits Grinder.
Grinder blinks!
Shoot: a) +1 shortbow {bow}
Press: ? - help, Q - select action Shift-Dir - straight line, f/p - Grinder
Aim: Grinder (moderately wounded, 64% to hit)
You shoot an arrow. The arrow hits Grinder!
Grinder misses you.
Shoot: a) +1 shortbow {bow}
Press: ? - help, Q - select action Shift-Dir - straight line, f/p - Grinder
Aim: Grinder (heavily wounded, 64% to hit)
You shoot an arrow. The arrow hits Grinder.
Grinder closely misses you. The orc priest barely misses you.
Shoot: a) +1 shortbow {bow}
Press: ? - help, Q - select action Shift-Dir - straight line, f/p - Grinder
Aim: Grinder (severely wounded, 64% to hit)
You shoot an arrow. The arrow hits Grinder.
The orc priest looks satisfied for a moment.
Grinder drinks a potion.
Grinder is healed!
Shoot: a) +1 shortbow {bow}
Press: ? - help, Q - select action Shift-Dir - straight line, f/p - Grinder
Aim: Grinder (heavily wounded, 64% to hit)
You shoot an arrow.
The arrow hits Grinder but does no damage.
The orc priest hits you from afar with a +0 trident!
* * * LOW HITPOINT WARNING * * *
Grinder gestures at you. Pain shoots through your body!
You die...

Skill      XL: |  1  2  3  4  5 |
---------------+----------------+-----
Bows           | 6 7 8 9 |  9.1
Fighting       | |  1.5
Dodging        | |  2.4
Stealth        | |  1.2

Action                   |  1- 3 |  4- 6 || total
-------------------------+-------+-------++-------
 Fire: Shortbow          |    97 |    95 ||   192
Armor: Leather armour    |    12 |    13 ||    25
Dodge: Dodged            |    17 |    28 ||    45

Levels and vault maps discovered:
D:1:      dpeg_arrival_water_temple_mockup, layout_basic, serial_shops,
          nicolae_shop_temple_entry_statues_fountains
D:2:      layout_rooms, dreamdust_ecumenical_altar_drowned_temple, uniq_robin
D:3:      layout_basic, grunt_gozag_statues, serial_forest,
          infiniplex_forest_corner_1, infiniplex_forest_lined_2,
          infiniplex_forest_end_2, infiniplex_forest_straight_2,
          infiniplex_forest_clump_small, infiniplex_forest_lined_2,
          infiniplex_forest_3_way, infiniplex_forest_zigzag_2
D:4:      layout_cave_pools, lemuel_mausoleum_altar_yredelemnul,
          minmay_temple_entry_proselytizer, gammafunk_ghost_split, uniq_grinder

Notes
Turn   | Place    | Note
-------+----------+-------------------------------------------
     0 | D:1      | zeratav the Deep Elf Hunter began the quest for the Orb.
     0 | D:1      | Reached XP level 1. HP: 12/12 MP: 3/3
     0 | D:1      | magus.rc [v1.9.6]
   277 | D:1      | Reached XP level 2. HP: 14/16 MP: 4/4
   372 | D:1      | Reached skill level 6 in Bows
   426 | D:1      | Found Lidwaal's Book Shoppe.
   601 | D:1      | Reached XP level 3. HP: 20/20 MP: 5/5
   842 | D:2      | Reached skill level 7 in Bows
   843 | D:2      | Noticed Robin
   846 | D:2      | Killed Robin
  1088 | D:2      | Found a faded altar of an unknown god.
  1315 | D:2      | Reached XP level 4. HP: 25/25 MP: 6/6
  1726 | D:3      | You pick up a book of Blood and begin reading...
  1726 | D:3      | You add the spells Sublimation of Blood, Wereblood and
                  | Summon Hydra to your library.
  1796 | D:3      | Found an opulent altar of Gozag.
  1974 | D:3      | Reached skill level 8 in Bows
  2116 | D:3      | Reached XP level 5. HP: 29/29 MP: 7/7
  2645 | D:4      | Noticed Dordric's ghost (amateur DsBe)
  2666 | D:4      | Reached skill level 9 in Bows
  2676 | D:4      | Noticed Grinder
  2693 | D:4      | Paralysed by Grinder for 2 turns
  2863 | D:4      | Paralysed by Grinder for 7 turns
  2877 | D:4      | HP: 7/29 [orc priest/+0 trident (7)]
  2877 | D:4      | Killed from afar by Grinder

Vanquished Creatures
  A howler monkey (D:4)
  An orc priest (D:3)
  An orc wizard (D:3)
  Robin (D:2)
  3 adders
  2 worms (D:3)
  A dart slug (D:1)
  3 orcs (D:3)
  10 endoplasms
  3 giant cockroaches
  13 goblins
  6 hobgoblins
  4 jackals (D:2)
  A quokka (D:1)
  2 ball pythons
  6 bats
  2 frilled lizards
  7 kobolds
  4 rats
  A spectral kobold (D:2)
72 creatures vanquished.

Table legend:
 A = Non-vault XP
 B = Vault XP
 C = Vault XP percentage of total XP
 D = Non-vault monster count
 E = Vault monster count
 F = Vault count percentage of total count
                 A         B        C        D         E       F
            +---------+---------+-------+---------+---------+-------
      Total |     268 |      36 |  11.8 |      60 |      12 |  16.7
            +---------+---------+-------+---------+---------+-------
        D:1 |      46 |       0 |   0.0 |      28 |       0 |   0.0
        D:2 |      43 |      36 |  45.6 |      11 |      12 |  52.2
        D:3 |     124 |       0 |   0.0 |      17 |       0 |   0.0
        D:4 |      55 |       0 |   0.0 |       4 |       0 |   0.0
            +---------+---------+-------+---------+---------+-------

Illustrated notes

Table legend:
 A = Kills in this place as a percentage of kills in entire the game.
 B = Kills by you in this place as a percentage of kills by you in the entire game.
 C = Kills by friends in this place as a percentage of kills by friends in the entire game.
 D = Other kills in this place as a percentage of other kills in the entire game.
 E = Experience gained in this place as a percentage of experience gained in the entire game.
 F = Experience gained in this place divided by the number of levels of this place that you have seen.
                   A       B       C       D       E      F
               +-------+-------+-------+-------+-------+----------------------
         Total | 100.0 | 100.0 |   N/A |   N/A | 100.0 |  76.0
       Dungeon | 100.0 | 100.0 |   N/A |   N/A | 100.0 |  76.0
               +-------+-------+-------+-------+-------+----------------------

Table legend: (Time is in decaauts)
 A = Elapsed time spent in this place.
 B = Non-inter-level travel time spent in this place.
 C = Inter-level travel time spent in this place.
 D = Time resting spent in this place.
 E = Time spent auto-exploring this place.
 F = Levels seen in this place.
 G = Mean time per level.
                   A        B        C        D        E       F      G
               +--------+--------+--------+--------+--------+-----+--------+
         Total |   2919 |   2868 |     51 |    157 |   2333 |   4 |  729.8 |
       Dungeon |   2919 |   2868 |     51 |    157 |   2333 |   4 |  729.8 |
               +--------+--------+--------+--------+--------+-----+--------+

Top non-repeatable levels by time:
     D:3: 1281 daAuts
     D:2: 824 daAuts
     D:1: 737 daAuts
     D:4: 76 daAuts
